 Dungeon Crawl Stone Soup version 0.31-a0-1-g4198be8af4 (webtiles) character file.

Game seed: 13609088738555854555

8296 jasper the Zephyrmancer (level 11, -12/84 HPs)
             Began as a Demonspawn Air Elementalist on May 2, 2023.
             Was a Priest of Ashenzari.
             Mangled by a tentacled starspawn (14 damage)
             ... on level 2 of the Abyss.
             The game lasted 00:16:27 (11629 turns).

jasper the Zephyrmancer (DsAE)                     Turns: 11629, Time: 00:16:28

Health: -12/84     AC: 10    Str:  8    XL:     11   Next: 8%
Magic:  5/25       EV: 17    Int: 21    God:    Ashenzari [***...]
Gold:   315        SH:  0    Dex: 14    Spells: 5/30 levels left

rFire   . . .        h - +1 short sword of the Esoteric Sky {venom, Comp, Fort} (curse)
rCold   . . .        (no shield)
rNeg    . . .        k - +3 leather armour of the Unyielding Gaze {Self, Elem} (curse)
rPois   .            y - +2 helmet "Shattered Henotheism" {SInv, Fort, Evo} (curse)
rElec   .            (no cloak)
rCorr   .            o - +0 pair of gloves of the Soothsayer {Self, Melee} (curse)
SInv    +            (no boots)
Will    .....        A - amulet of Ashenzari's Visionary {Regen+, Elem, Bglg} (curse)
Stlth   ++           (no ring)
HPRegen 1.14/turn    (no ring)
MPRegen 0.19/turn

%: repel missiles, clarity
@: no status effects
A: repulsion field 3, demonic guardian 2, foul stench 2
a: Renounce Religion, Curse Item, Shatter the Chains


You were on level 2 of the Abyss.
You worshipped Ashenzari.
Ashenzari was most pleased with you.
You visited 1 branch of the dungeon, and saw 9 of its levels.
You visited the Abyss 1 time.

You collected 574 gold pieces.
You spent 259 gold pieces at shops.

Inventory:

Hand Weapons
 d - a +0 sling
 h - the cursed +1 short sword of the Esoteric Sky (weapon) {venom, Comp, Fort}
   (You took it off a kobold on level 1 of the Dungeon)

   It has a curse which improves the following skills: Companions: Summonings
   and Necromancy.
   Fortitude: Armour and Shields.
Missiles
 f - 35 poisoned darts
 q - 7 curare-tipped darts
 Q - 3 throwing nets
Armour
 a - a +1 robe
 k - the cursed +3 leather armour of the Unyielding Gaze (worn) {Self, Elem}
   (You found it on level 2 of the Dungeon)

   It has a curse which improves the following skills: Introspection: Fighting
   and Spellcasting.
   Elements:  Fire Magic, Ice Magic, Air Magic and Earth Magic.
 o - the cursed +0 pair of gloves of the Soothsayer (worn) {Self, Melee}
   (You found it on level 3 of the Dungeon)

   It has a curse which improves the following skills: Introspection: Fighting
   and Spellcasting.
   Melee Combat: Short Blades, Long Blades, Axes, Maces & Flails, Polearms,
   Staves and Unarmed Combat.
 y - the cursed +2 helmet "Shattered Henotheism" (worn) {SInv, Fort, Evo}
   (You found it on level 5 of the Dungeon)

   It has a curse which improves the following skills: Fortitude: Armour and
   Shields.
   Evocations: Evocations.
 F - an orb of energy
 L - +0 steam dragon scales
 P - a +0 robe of fire resistance
Jewellery
 A - the cursed amulet of Ashenzari's Visionary (around neck) {Regen+, Elem, Bglg}
   (You found it on level 6 of the Dungeon)

   [amulet of regeneration]

   Regen:     It increases your rate of health regeneration.
   It has a curse which improves the following skills: Elements: Fire Magic, Ice
   Magic, Air Magic and Earth Magic.
   Beguiling: Conjurations, Hexes and Translocations.
Wands
 C - a wand of iceblast (11)
 G - a wand of digging (5)
Scrolls
 g - 6 scrolls of identify
 j - 2 scrolls of noise
 l - a scroll of torment
 m - 2 scrolls of silence
 r - 3 scrolls of fog
 t - 3 scrolls of enchant weapon
 u - 2 scrolls of teleportation
 w - 2 scrolls of fear
 B - 5 scrolls of vulnerability
 D - a scroll of amnesia
 E - a scroll of immolation
 I - a scroll of enchant armour
 O - a scroll of brand weapon
Potions
 b - a potion of mutation
 c - 2 potions of cancellation
 e - 3 potions of might
 i - 5 potions of lignification
 n - a potion of berserk rage
 p - 3 potions of degeneration
 s - 2 potions of attraction
 v - 2 potions of heal wounds
 x - 2 potions of haste
 z - a potion of brilliance
 H - 2 potions of curing
 J - a potion of invisibility
 K - a potion of flight
 M - a potion of resistance
 N - a potion of ambrosia


   Skills:
 + Level 5.4(7.6) Fighting
 + Level 5.5 Dodging
 - Level 1.7 Stealth
 + Level 8.1(10.4) Spellcasting
 - Level 1.0(1.9) Conjurations
 - Level 3.0(4.3) Translocations
 * Level 5.5(7.7) Fire Magic
 * Level 9.9(12.1) Air Magic
 - Level 1.7 Poison Magic


You had 5 spell levels left.
You knew the following spells:

 Your Spells              Type           Power      Damage    Failure   Level
a - Shock                 Conj/Air       100%       1d9       1%          1
b - Static Discharge      Conj/Air       80%        2-6/arc   1%          2
c - Swiftness             Air            58%        N/A       1%          3
d - Airstrike             Air            29%        2d(5-21)  1%          4
e - Mephitic Cloud        Conj/Pois/Air  33%        N/A       3%          3
f - Ignite Poison         Fire/Tmut/Pois 24%        N/A       7%          3
g - Gell's Gravitas       Tloc           28%        N/A       4%          3
h - Plasma Beam           Fire/Air       25%        2x1d41    22%         6

Your spell library contained the following spells:

 Spells                   Type           Power      Damage    Failure   Level
 Foxfire                  Conj/Fire      100%       2x1d9     1%          1
 Cigotuvi's Dreadful Rot  Necr/Pois/Air  60%        N/A       1%          2
 Poisonous Vapours        Pois/Air       80%        N/A       1%          2
 Lesser Beckoning         Tloc           56%        N/A       2%          2
 Teleport Other           Tloc           28%        N/A       4%          3
 Fireball                 Conj/Fire      15%        3d8       32%         5
 Freezing Cloud           Conj/Ice/Air   15%        6-21      34%         5
 Summon Forest            Summ/Tloc      10%        N/A       67%         5
 Starburst                Conj/Fire      15%        6d6       88%         6
 Eringya's Noxious Bog    Tmut/Pois      7%         N/A       100%        6
 Summon Hydra             Summ           5%         N/A       100%        7


Dungeon Overview and Level Annotations

Branches:
Dungeon (9/15)               Lair (0/5) D:9
 Temple: D:4-7          Orc: D:9-12

Altars:
Ashenzari
Dithmenos
Fedhas
Hepliaklqana
Makhleb
Okawaru
Uskayaw
Xom

Shops:
D:3 (   D:5 (   D:7 *   D:9 =

Annotations:
D:6 1 transporter, hgbash's ghost, novice OpFE
D:9 Erolcha


Innate Abilities, Weirdness & Mutations

You are surrounded by a strong repulsion field. (EV +4, RMsl)
A demonic guardian rushes to your aid.
You sometimes emit foul miasma when damaged in melee.


Message History

You are struck by an arc of lightning.
* * * LOW HITPOINT WARNING * * *
The lightning grounds out.
The starspawn tentacle barely misses you.
A tentacle flies out from the starspawn's body!
A starspawn tentacle comes into view.
You take 7 damage, and have 19/84 hp.
You now have 9/25 mp.
Casting: Static Discharge (safe; 1% risk of failure)
Confirm with . or Enter, or press ? or * to list all spells.
The small abomination is struck by an arc of lightning.
The small abomination is moderately damaged.
You are struck by an arc of lightning.
* * * LOW HITPOINT WARNING * * *
The lightning grounds out.
The starspawn tentacle closely misses you.
You take 4 damage, and have 15/84 hp.
You now have 7/25 mp.
Casting: Static Discharge (safe; 1% risk of failure)
Confirm with . or Enter, or press ? or * to list all spells.
The tentacled starspawn is struck by an arc of lightning.
The tentacled starspawn is severely damaged.
The small abomination is struck by an arc of lightning.
The small abomination is heavily damaged.
The tentacled starspawn is struck by an arc of lightning!
The tentacled starspawn is almost destroyed.
The lightning grounds out.
The starspawn tentacle is struck by an arc of lightning.
The starspawn tentacle is lightly damaged.
You are struck by an arc of lightning.
* * * LOW HITPOINT WARNING * * *
The lightning grounds out.
The starspawn tentacle grabs you. The starspawn tentacle constricts you.
* * * LOW HITPOINT WARNING * * *
You take 4 damage, and have 11/84 hp.
You now have 5/25 mp.
You hit the tentacled starspawn.
The starspawn tentacle loses its grip on you.
The tentacled starspawn is almost destroyed.
The tentacled starspawn bites you!
* * * LOW HITPOINT WARNING * * *
The tentacled starspawn tentacle-slaps you!
You die...

* * , * * , * * * *
, ,* ** #* , * , **
#.# , * , , # .#*,
,, *,,*,* { ...##..
,* * * , ##....# , ,
, , ##w...###,, , ,
, , #@Xx....## ,
#..##W###..# ,
....###.####.#.# *
.....#,#/.W.── ..# *
#.#.#..V.##..####.#*
, ,#,##### #,#.## *,
* , .., * * * #.## ,
, , ## * *


You could see a tentacled starspawn (corroded), a wraith, a small abomination
and a starspawn tentacle.

Vanquished Creatures
  Harold (D:9)
  A two-headed ogre (D:8)
  Pikel (D:5)
  A large abomination (Abyss:2)
  A gargoyle (D:9)
  An efreet (Abyss:2)
  A troll (D:9)
  3 yaks (D:8)
  A steam dragon (D:8)
  2 water moccasins
  An orc warrior (D:6)
  5 ice beasts
  A sky beast (D:7)
  2 wolves (D:9)
  2 ogres
  3 lemures (D:5)
  3 centaurs
  4 kobold brigands
  A phantom (D:3)
  2 bullfrogs
  A scorpion (D:6)
  14 wights (D:7)
  18 killer bees
  An electric eel (D:9)
  2 howler monkeys
  2 jellies
  4 orc priests
  6 hounds
  An iron imp (Abyss:2)
  2 iguanas (D:5)
  2 sleepcaps
  7 orc wizards
  9 adders
  A shadow imp (D:7)
  4 white imps
  2 ufetubi
  A worm (D:4)
  3 dart slugs
  31 orcs
  6 ball pythons
  5 endoplasms
  4 giant cockroaches
  9 goblins
  5 hobgoblins
  5 jackals
  3 quokkas (D:1)
  5 bats
  3 frilled lizards (D:1)
  27 kobolds
  3 rats
223 creatures vanquished.

Vanquished Creatures (collateral kills)
  A wraith (D:9)
  A centaur (D:6)
  A kobold brigand (D:6)
  A bullfrog (D:7)
  A wight (D:7)
  A kobold (D:6)
6 creatures vanquished.

Vanquished Creatures (others)
  5 fungi (D:4)
  4 starspawn tentacles (Abyss:2)
9 creatures vanquished.

Grand Total: 238 creatures vanquished

Notes
Turn   | Place    | Note
-------+----------+-------------------------------------------
     0 | D:1      | jasper the Demonspawn Air Elementalist began the quest for
                  | the Orb.
     0 | D:1      | Reached XP level 1. HP: 13/13 MP: 3/3
   467 | D:1      | Reached skill level 3 in Air Magic
   493 | D:1      | Gained mutation: You may rarely emit foul miasma when
                  | damaged in melee. [demonic ancestry]
   493 | D:1      | Reached XP level 2. HP: 19/19 MP: 1/5
  1113 | D:1      | Reached XP level 3. HP: 24/24 MP: 5/7
  1116 | D:1      | Learned a level 2 spell: Static Discharge
  1120 | D:1      | Learned a level 3 spell: Swiftness
  2280 | D:3      | Gained mutation: You sometimes emit foul miasma when
                  | damaged in melee. [demonic ancestry]
  2280 | D:3      | Reached XP level 4. HP: 30/30 MP: 0/8
  2289 | D:3      | Found a broken altar of Ashenzari.
  2374 | D:3      | Became a worshipper of Ashenzari the Shackled
  2395 | D:3      | Noticed a phantom
  2413 | D:3      | Killed a phantom
  2414 | D:3      | Reached skill level 4 in Air Magic
  2414 | D:3      | Gained mutation: You are surrounded by a mild repulsion
                  | field. (EV +2) [demonic ancestry]
  2414 | D:3      | Reached XP level 5. HP: 27/35 MP: 1/10
  2524 | D:3      | Found a hazy altar of Hepliaklqana.
  2652 | D:3      | Noticed an ogre
  2669 | D:3      | Killed an ogre
  2874 | D:3      | Gained mutation: You are surrounded by a moderate repulsion
                  | field. (EV +3) [demonic ancestry]
  2874 | D:3      | Reached XP level 6. HP: 39/41 MP: 8/12
  2879 | D:3      | Learned a level 4 spell: Airstrike
  2936 | D:3      | Found Cimuik's Antique Weapon Shoppe.
  3181 | D:3      | Noticed a +0 spear
  3181 | D:3      | Noticed a +0 falchion
  3181 | D:3      | Noticed a +0 falchion
  3181 | D:3      | Noticed a +0 dagger
  3182 | D:3      | Noticed a +0 short sword
  3182 | D:3      | Noticed a +0 spear
  3182 | D:3      | Noticed a +0 short sword
  3182 | D:3      | Noticed a +0 dagger
  3190 | D:3      | Found a hide-covered altar of Uskayaw.
  3353 | D:4      | Reached skill level 5 in Air Magic
  3751 | D:5      | Entered Level 5 of the Dungeon
  4172 | D:5      | Reached skill level 5 in Spellcasting
  4192 | D:5      | Reached XP level 7. HP: 17/46 MP: 6/15
  4383 | D:5      | Noticed Pikel
  4405 | D:5      | Killed Pikel
  4406 | D:5      | Reached skill level 6 in Air Magic
  4551 | D:5      | Found Ulucw's Antique Weapon Shop.
  4618 | D:5      | Reached * piety under Ashenzari
  4915 | D:5      | Gained mutation: A weak demonic guardian rushes to your
                  | aid. [demonic ancestry]
  4915 | D:5      | Reached XP level 8. HP: 53/53 MP: 12/18
  5458 | D:6      | Learned a level 3 spell: Mephitic Cloud
  5780 | D:6      | Reached skill level 1 in Fighting
  5848 | D:6      | Found a burning altar of Makhleb.
  5904 | D:6      | Found a transporter.
  5905 | D:6      | Found a transporter.
  5953 | D:6      | Reached ** piety under Ashenzari
  6028 | D:6      | Noticed a hornet
  6048 | D:6      | Noticed hgbash's ghost (novice OpFE)
  6226 | D:6      | Reached skill level 7 in Air Magic
  6569 | D:6      | Learned a level 3 spell: Ignite Poison
  6573 | D:6      | Learned a level 3 spell: Gell's Gravitas
  6898 | D:7      | Reached XP level 9. HP: 40/65 MP: 8/21
  7087 | D:6      | Reached skill level 1 in Poison Magic
  7088 | D:6      | Reached skill level 1 in Translocations
  7248 | D:7      | Reached skill level 1 in Fire Magic
  7325 | D:7      | Reached skill level 8 in Air Magic
  7326 | D:7      | Found a shimmering altar of Xom.
  7654 | D:7      | Learned a level 6 spell: Plasma Beam
  7959 | D:7      | Found Zuesu's General Store.
  7966 | D:7      | Bought a potion of curing for 42 gold pieces
  7966 | D:7      | Bought a scroll of enchant armour for 105 gold pieces
  7966 | D:7      | Bought a scroll of fear for 56 gold pieces
  7966 | D:7      | Bought a scroll of fog for 56 gold pieces
  8078 | D:7      | Found a blossoming altar of Fedhas.
  8710 | D:8      | Found an iron altar of Okawaru.
  8774 | D:8      | Noticed a two-headed ogre
  8778 | D:8      | Killed a two-headed ogre
  8779 | D:8      | Gained mutation: A demonic guardian rushes to your aid.
                  | [demonic ancestry]
  8779 | D:8      | Reached XP level 10. HP: 76/76 MP: 6/23
  9077 | D:8      | Reached skill level 9 in Air Magic
  9926 | D:9      | Noticed Harold
  9946 | D:9      | Killed Harold
 10086 | D:9      | Noticed a gargoyle
 10089 | D:9      | Reached skill level 5 in Dodging
 10237 | D:9      | Reached skill level 5 in Fighting
 10420 | D:9      | Reached skill level 5 in Fire Magic
 10800 | D:9      | Reached *** piety under Ashenzari
 10994 | D:9      | Found a staircase to the Lair.
 11092 | D:9      | Killed a gargoyle
 11198 | D:9      | Found Miutsala's Jewellery Shop.
 11286 | D:9      | Found a shadowy altar of Dithmenos.
 11402 | D:9      | Noticed Erolcha
 11403 | Abyss:2  | Cast into level 2 of the Abyss (Erolcha)
 11426 | Abyss:2  | Gained mutation: You are surrounded by a strong repulsion
                  | field. (EV +4, RMsl) [demonic ancestry]
 11426 | Abyss:2  | Reached XP level 11. HP: 59/84 MP: 12/25
 11427 | Abyss:2  | Noticed a large abomination
 11435 | Abyss:2  | Killed a large abomination
 11492 | Abyss:2  | Found a corrupted altar of Lugonu.
 11565 | Abyss:2  | Noticed a cacodemon
 11581 | Abyss:2  | Found a corrupted altar of Lugonu.
 11609 | Abyss:2  | Noticed a tentacled starspawn
 11629 | Abyss:2  | HP: 2/84 [tentacled starspawn (10)]
 11629 | Abyss:2  | Mangled by a tentacled starspawn

Illustrated notes

Levels and vault maps discovered:
D:1:      ncdulo_smallfort, layout_loops_corners, minmay_statues_item
D:2:      layout_basic
D:3:      layout_rooms, ashenzari_conservatory_becter,
          nicolae_uskayaw_en_pointe, mainiacjoe_overflow_small_starburst,
          serial_shops, nicolae_shop_rolling_square
D:4:      layout_rooms, minmay_temple_entry_crystal_x, hex_intersection,
          dreamdust_gnoll_farm
D:5:      layout_basic, serial_shops, nicolae_shop_crystal, minivault_5,
          uniq_pikel
D:6:      minmay_spotlight, layout_loops_corners, lightli_temple_of_fire,
          gammafunk_ghost_hive
D:7:      layout_rooms, fedhas_bush_and_centaur_altar,
          mainiacjoe_overflow_concentric_impassable, serial_shops,
          kennysheep_little_box, hangedman_decor_lopped
D:8:      layout_loops_ring, mainiacjoe_overflow_six_doors_small
D:9:      layout_stronghold, grunt_dithmenos_smoke, erik_lair_island,
          serial_shops, shop, nicolae_eternal_life, nicolae_stop_n_shop_2,
          uniq_harold, uniq_erolcha
Abyss:2:  base: D:1, spicy_abyss_unhelpful_harpoons, bh_abyss_xom_lugonu_altar,
          spicy_abyss_helpful_harpoons

Skill      XL: |  1  2  3  4  5  6  7  8  9 10 |
---------------+-------------------------------+-----
Air Magic      | 3 4 5 6 7 8 9 |  9.9
Spellcasting   | 3 4 5 6 7 8 |  8.1
Dodging        | 3 4 5 |  5.5
Fighting       | 2 4 5 |  5.4
Poison Magic   | 1 |  1.7
Translocations | 2 3 |  3.0
Fire Magic     | 3 5 |  5.5
Stealth        | |  1.7
Conjurations   | |  1.0

Action                     |  1- 3 |  4- 6 |  7- 9 | 10-12 || total
---------------------------+-------+-------+-------+-------++-------
  Melee: Short sword       |    34 |    47 |    79 |    89 ||   249
         Unarmed           |     2 |       |       |       ||     2
         Punch             |     1 |     1 |       |     1 ||     3
   Fire: Sling             |     1 |       |       |       ||     1
   Cast: Shock             |    74 |   115 |   185 |    94 ||   468
         Static Discharge  |       |       |     7 |    15 ||    22
         Airstrike         |       |       |    16 |    43 ||    59
         Mephitic Cloud    |       |       |     1 |     7 ||     8
         Ignite Poison     |       |       |     1 |     7 ||     8
         Gell's Gravitas   |       |       |     1 |     4 ||     5
         Swiftness         |       |       |       |     3 ||     3
 Invoke: Curse Item        |       |     1 |     3 |     1 ||     5
  Evoke: Wand              |       |       |       |     2 ||     2
    Use: Scroll            |     8 |       |     1 |     1 ||    10
         Potion            |       |       |       |     1 ||     1
   Stab: Distracted        |       |       |     1 |       ||     1
         Confused          |       |       |       |     1 ||     1
 Armour: Robe              |     4 |       |       |       ||     4
         Leather armour    |     4 |    24 |    32 |    50 ||   110
  Dodge: Dodged            |    15 |    59 |   129 |   153 ||   356

Table legend: (Time is in decaauts)
 A = Elapsed time spent in this place.
 B = Non-inter-level travel time spent in this place.
 C = Inter-level travel time spent in this place.
 D = Time resting spent in this place.
 E = Time spent auto-exploring this place.
 F = Levels seen in this place.
 G = Mean time per level.
                   A        B        C        D        E       F      G
               +--------+--------+--------+--------+--------+-----+--------+
         Total |  11651 |  11284 |    367 |    810 |   8793 |  10 | 1165.1 |
       Dungeon |  11419 |  11052 |    367 |    750 |   8712 |   9 | 1268.8 |
         Abyss |    231 |    231 |      0 |     60 |     81 |   1 |  231.0 |
               +--------+--------+--------+--------+--------+-----+--------+

Top non-repeatable levels by time:
     D:6: 1985 daAuts
     D:9: 1717 daAuts
     D:5: 1657 daAuts
     D:7: 1222 daAuts
     D:1: 1205 daAuts
     D:8: 1086 daAuts
     D:3: 1057 daAuts
     D:2: 1049 daAuts
     D:4: 436 daAuts
 Abyss:2: 231 daAuts
